 Dungeon Crawl Stone Soup version 0.28.0 (webtiles) character file.

Game seed: 4601200038146073023

210 Fallenstar the Covered (level 5, 0/47 HPs)
             Began as a Minotaur Fighter on Feb 17, 2022.
             Slain by a water moccasin (5 damage)
             ... on level 3 of the Dungeon.
             The game lasted 00:05:34 (2779 turns).

Fallenstar the Covered (Minotaur Fighter)           Turns: 2779, Time: 00:05:35

Health: 0/47       AC:  8    Str: 22    XL:     5   Next: 57%
Magic:  4/4        EV:  9    Int:  5    God:
Gold:   146        SH:  4    Dex: 10    Spells: 4/4 levels left

rFire   . . .      SeeInvis .   a - +0 war axe
rCold   . . .      Faith    .   c - +0 buckler
rNeg    . . .      Spirit   .   b - +0 scale mail
rPois   .          Reflect  .   (helmet restricted)
rElec   .          Harm     .   k - +0 cloak
rCorr   .          Rampage  .   (no gloves)
Will    .....                   (no boots)
Stlth   ..........              (no amulet)
HPRegen 0.15/turn               (no ring)
MPRegen 0.09/turn               (no ring)

@: no status effects
A: horns 2, retaliatory headbutt
a: no special abilities


You were on level 3 of the Dungeon.
You visited 1 branch of the dungeon, and saw 3 of its levels.

You collected 146 gold pieces.

Inventory:

Hand Weapons
 a - a +0 war axe (weapon)
Missiles
 l - a throwing net (quivered)
Armour
 b - a +0 scale mail (worn)
 c - a +0 buckler (worn)
 k - a +0 cloak (worn)
Scrolls
 e - 3 scrolls of identify {unknown}
 i - 4 scrolls of vulnerability {unknown}
 j - a scroll of amnesia {unknown}
 m - a scroll of teleportation {unknown}
Potions
 d - 3 potions of might
 g - a potion of cancellation {unknown}
 h - a potion of magic {unknown}


   Skills:
 + Level 4.6 Fighting
 + Level 4.3 Axes
 + Level 5.1 Armour
 + Level 0.3 Dodging
 + Level 0.4 Stealth
 + Level 4.6 Shields


You had 4 spell levels left.
You didn't know any spells.
Your spell library was empty.

Dungeon Overview and Level Annotations

Branches:
Dungeon (3/15)

Altars:

Shops:
D:1 [


Innate Abilities, Weirdness & Mutations

You have a pair of horns on your head.
You reflexively headbutt those who attack you in melee.


Message History

You feel very sick.
The water moccasin bites you but does no damage.
The water moccasin bites you.
You closely miss the water moccasin.
Your headbutt misses the water moccasin.
The water moccasin is severely wounded.
You feel very sick. The water moccasin bites you.
You block the water moccasin's attack.
You barely miss the water moccasin.
The water moccasin is severely wounded.
You feel sick. The water moccasin bites you. The water moccasin bites you!
You are lethally poisoned!
The water moccasin poisons you!
You are too injured to fight recklessly!
It was a potion of curing.
You feel better.
The water moccasin bites you but does no damage.
The water moccasin bites you.
You closely miss the water moccasin.
Your headbutt misses the water moccasin.
The water moccasin is severely wounded.
The water moccasin bites you. x2
* * * LOW HITPOINT WARNING * * *
You miss the water moccasin.
The water moccasin is severely wounded.
The water moccasin closely misses you.
You miss the water moccasin.
The water moccasin is severely wounded.
The water moccasin bites you.
* * * LOW HITPOINT WARNING * * *
The water moccasin bites you but does no damage.
You feel better. The water moccasin bites you.
* * * LOW HITPOINT WARNING * * *
The water moccasin barely misses you. You furiously retaliate!
You headbutt the water moccasin.
You are too injured to fight recklessly!
You miss the water moccasin.
Your headbutt misses the water moccasin.
The water moccasin is almost dead.
The water moccasin bites you.
You die...

#...........#
#...........#
#...........#
########..###
######..########
##....[.>........
......)†..........
###...............
#.......@.......
#......S........
#...............
#...............
#...............
#...............
#.....$.........
.....(.........


You could see a water moccasin.

Vanquished Creatures
  Terence (D:2)
  A hound zombie (D:3)
  4 gnolls (D:3)
  7 adders (D:2)
  A worm (D:2)
  3 dart slugs
  An orc (D:3)
  7 endoplasms
  A giant cockroach (D:1)
  9 hobgoblins
  7 kobolds
  2 quokkas
  2 ball pythons
  4 bats
  3 frilled lizards
  5 goblins
  6 rats
64 creatures vanquished.

Notes
Turn   | Place    | Note
-------+----------+-------------------------------------------
     0 | D:1      | Fallenstar the Minotaur Fighter began the quest for the
                  | Orb.
     0 | D:1      | Reached XP level 1. HP: 19/19 MP: 0/0
   112 | D:1      | Reached XP level 2. HP: 25/27 MP: 1/1
   265 | D:1      | Found Xoucvon's Antique Armour Shop.
   693 | D:2      | Reached skill level 4 in Armour
   786 | D:2      | Reached XP level 3. HP: 31/33 MP: 2/2
   807 | D:2      | Noticed Terence
   816 | D:2      | Killed Terence
  1150 | D:2      | Reached XP level 4. HP: 26/40 MP: 3/3
  2352 | D:2      | Reached XP level 5. HP: 47/47 MP: 4/4
  2433 | D:3      | Reached skill level 5 in Armour
  2765 | D:3      | Noticed a water moccasin
  2779 | D:3      | Slain by a water moccasin

Illustrated notes

Levels and vault maps discovered:
D:1:      erik_arrival_orb_chamber, layout_loops_cross, serial_shops, shop,
          minmay_surrounded
D:2:      layout_basic, grunt_ministairs_10, st_stairs_2, uniq_terence
D:3:      layout_basic, nicolae_overflow_quartered_altars,
          minmay_misc_feat_square, kennysheep_generic_room_11

Skill      XL: |  1  2  3  4  5 |
---------------+----------------+-----
Shields        | 4 |  4.6
Fighting       | 4 |  4.6
Armour         | 4 5 |  5.1
Axes           | 3 4 |  4.3
Dodging        | |  0.3
Stealth        | |  0.4

Action                   |  1- 3 |  4- 6 || total
-------------------------+-------+-------++-------
Melee: War axe           |    51 |    82 ||   133
       Headbutt          |     7 |    11 ||    18
  Use: Potion            |       |     2 ||     2
Armor: Scale mail        |    24 |    34 ||    58
Dodge: Dodged            |    26 |    39 ||    65
Block: Buckler           |     7 |    10 ||    17
